 Dungeon Crawl Stone Soup version 0.28.0-53-g5a82cb258f (webtiles) character file.

Game seed: 15217430118501754611

2726 Gabide the Spear-Bearer (level 9, -26/50 HPs)
             Began as a Tengu Monk on May 20, 2022.
             Was a High Priest of Vehumet.
             Annihilated by a two-headed ogre
             ... wielding a +0 giant spiked club
              (29 damage)
             ... on level 6 of the Dungeon.
             The game lasted 00:20:39 (10769 turns).

Gabide the Spear-Bearer (Tengu Monk)               Turns: 10769, Time: 00:20:41

Health: -26/50     AC:  4    Str: 11    XL:     9   Next: 67%
Magic:  6/10       EV: 20    Int: 12    God:    Vehumet [*****.]
Gold:   182        SH:  0    Dex: 20    Spells: 6/8 levels left

rFire   . . .      SeeInvis .   a - +1 spear
rCold   . . .      Faith    .   (no shield)
rNeg    + . .      Spirit   .   b - +0 robe
rPois   .          Reflect  .   (helmet restricted)
rElec   .          Harm     .   e - +1 cloak
rCorr   .          Rampage  .   (no gloves)
Will    .....                   (boots unavailable)
Stlth   ++........              f - amulet of the acrobat
HPRegen 0.16/turn               c - ring of positive energy
MPRegen 0.12/turn               s - +4 ring of evasion

@: flying quickly and evasively, quick
A: beak, talons 3, nimble flight
a: Renounce Religion


You were on level 6 of the Dungeon.
You worshipped Vehumet.
Vehumet was extremely pleased with you.
You visited 1 branch of the dungeon, and saw 7 of its levels.

You collected 260 gold pieces.
You spent 78 gold pieces at shops.

Inventory:

Hand Weapons
 a - a +1 spear (weapon)
 y - a +0 halberd of venom
Armour
 b - a +0 robe (worn)
 d - a +0 buckler
 e - a +1 cloak (worn)
 l - a +0 ring mail
Jewellery
 c - a ring of positive energy (left hand)
 f - an amulet of the acrobat (around neck)
 s - a +4 ring of evasion (right hand)
 x - a ring of ice
 A - an amulet of regeneration
Scrolls
 h - a scroll of fog
 j - a scroll of torment
 k - a scroll of silence {unknown}
 m - a scroll of vulnerability
 n - a scroll of blinking {unknown}
 q - a scroll of enchant armour {unknown}
 r - a scroll of magic mapping {unknown}
 v - 2 scrolls of noise
 z - a scroll of brand weapon
Potions
 g - a potion of resistance
 p - a potion of mutation
 w - a potion of haste


   Skills:
 - Level 3.0 Fighting
 + Level 14.3 Polearms
 - Level 3.2 Dodging
 - Level 2.0 Stealth


You had 6 spell levels left.
You knew the following spells:

 Your Spells              Type           Power      Damage    Failure   Level
a - Foxfire               Conj/Fire      0%         2x1d4     9%          1
b - Shock                 Conj/Air       0%         1d3       9%          1

Your spell library contained the following spells:

 Spells                   Type           Power      Damage    Failure   Level
 Freezing Cloud           Conj/Ice/Air   0%         6-21      89%         5
 Magic Dart               Conj           0%         1d3       9%          1
 Inner Flame              Hex/Fire       0%         N/A       24%         3
 Mephitic Cloud           Conj/Pois/Air  0%         N/A       24%         3
 Call Imp                 Summ           0%         N/A       45%         2
 Ensorcelled Hibernation  Hex/Ice        0%         N/A       45%         2
 Passwall                 Tmut/Erth      0%         N/A       45%         2
 Airstrike                Air            0%         N/A       58%         4
 Call Canine Familiar     Summ           0%         N/A       69%         3
 Gell's Gravitas          Tloc           0%         N/A       69%         3
 Portal Projectile        Hex/Tloc       0%         N/A       69%         3
 Spider Form              Tmut/Pois      0%         N/A       69%         3
 Swiftness                Air            0%         N/A       69%         3
 Teleport Other           Tloc           0%         N/A       69%         3
 Irradiate                Conj/Tmut      0%         3d13      89%         5
 Lee's Rapid Deconstruct  Erth           0%         3d5*      89%         5
 Anguish                  Hex/Necr       0%         N/A       97%         4
 Cause Fear               Hex            0%         N/A       97%         4
 Leda's Liquefaction      Hex/Erth       0%         N/A       97%         4
 Blade Hands              Tmut           0%         N/A       100%        5
 Dispersal                Tloc           0%         N/A       100%        6
 Statue Form              Tmut/Erth      0%         N/A       100%        6
 Dragon Form              Tmut           0%         N/A       100%        7
 Malign Gateway           Summ/Tloc      0%         N/A       100%        7
 Discord                  Hex            0%         N/A       100%        8
 Summon Horrible Things   Summ           0%         N/A       100%        8


Dungeon Overview and Level Annotations

Branches:
Dungeon (7/15)             Temple (0/1) D:7

Altars:
Dithmenos
Nemelex Xobeh
Okawaru
Vehumet

Shops:
D:6 *   D:7 *

Annotations:
D:7 exclusion: two-headed ogre


Innate Abilities, Weirdness & Mutations

You have a beak for a mouth.
You have claws for feet.
Your magical nature lets you fly swiftly and evasively.


Message History

Items here: ))) [[[.
You aren't carrying any items that you can evoke.
Okay, then.
Casting: Shock (safe; 9% risk of failure)
Confirm with . or Enter, or press ? or * to list all spells.
Okay, then.
Okay, then.
You miscast Shock.
You are very lightly contaminated with residual magic.
Nothing appears to happen.
The zap hits the two-headed ogre.
The two-headed ogre is lightly wounded.
The zap misses the two-headed ogre.
The zap hits the two-headed ogre.
The two-headed ogre is lightly wounded.
You reach to attack!
You hit the two-headed ogre.
The two-headed ogre is lightly wounded.
You reach to attack!
You puncture the two-headed ogre!
The two-headed ogre is moderately wounded.
You hit the two-headed ogre. You claw the two-headed ogre.
The two-headed ogre is moderately wounded.
You hit the two-headed ogre but do no damage.
You claw the two-headed ogre. You punch the two-headed ogre.
The two-headed ogre is heavily wounded.
The two-headed ogre hits you with a +0 giant spiked club!!
The two-headed ogre misses you.
You puncture the two-headed ogre! Your kick misses the two-headed ogre.
The two-headed ogre is severely wounded.
You hit the two-headed ogre.
You claw the two-headed ogre, but do no damage.
Your peck misses the two-headed ogre.
The two-headed ogre is severely wounded.
Your magical contamination has completely faded away.
You hit the two-headed ogre. Your kick misses the two-headed ogre.
The two-headed ogre is severely wounded.
The two-headed ogre hits you with a +0 giant spiked club!!
* * * LOW HITPOINT WARNING * * *
The two-headed ogre hits you with a +0 giant spiked club!!
Ouch! That really hurt!
You die...

##.#.###.......###.........#.#
...#...+.........#.#######.#.#
##.#####.......#.#.# #.....#.#
.......'.......#.#.# #.##..#.#
##.#####.......#.#.# #.#...#.#
#.# #####'#.#.#.# #.#..##.#
#.# #.#.#.#.# #.#..##.#
##.#########.#.#O#.# #.#..##.#
..........##.#.#@#.# #.#..##.#
.#.######.##.#.#.#.# #.#..##.#
.#......#.##.#.#.#.###.#..##.#
.#.##.###.##.#.#.#..(<.#.....#
.#'##+###.##.#.#.#####.......#
..........#....#.....#...###.#
..........#..#######[##.#..#.#
...........................#.#
..........##########.####..#.#


You could see a two-headed ogre.

Vanquished Creatures
  A water moccasin (D:7)
  A black bear (D:4)
  9 ogres
  A phantom (D:5)
  3 kobold brigands
  A scorpion (D:6)
  A wyvern zombie (D:7)
  A water moccasin skeleton (D:4)
  7 howler monkeys
  A bullfrog zombie (D:5)
  14 hounds
  A jelly (D:4)
  A centaur skeleton (D:7)
  7 orc priests
  4 orc wizards
  2 iguanas (D:5)
  2 gnolls
  2 howler monkey skeletons
  A shadow imp (D:7)
  An ufetubus (D:5)
  An adder skeleton (D:4)
  2 worms
  5 dart slugs
  26 orcs
  8 ball pythons
  9 endoplasms
  6 giant cockroaches
  3 goblins
  5 hobgoblins
  6 jackals
  5 quokkas
  6 bats
  3 frilled lizards
  12 kobolds
158 creatures vanquished.

Vanquished Creatures (others)
  An orc wizard (D:7)
  247 foxfires
  2 plants (D:7)
250 creatures vanquished.

Grand Total: 408 creatures vanquished

Notes
Turn   | Place    | Note
-------+----------+-------------------------------------------
     0 | D:1      | Gabide the Tengu Monk began the quest for the Orb.
     0 | D:1      | Reached XP level 1. HP: 14/14 MP: 2/2
   292 | D:1      | Reached XP level 2. HP: 14/19 MP: 3/3
   398 | D:1      | Reached skill level 4 in Polearms
   592 | D:1      | Reached XP level 3. HP: 7/23 MP: 4/4
   917 | D:1      | Found a faded altar of an unknown god.
  1014 | D:1      | Prayed at the altar of an unknown god.
  1014 | D:1      | Became a worshipper of Vehumet
  1014 | D:1      | Reached * piety under Vehumet
  1014 | D:1      | Offered knowledge of Freeze by Vehumet.
  1014 | D:1      | Reached ** piety under Vehumet
  1068 | D:1      | Reached *** piety under Vehumet
  1214 | D:1      | Offered knowledge of Foxfire by Vehumet.
  1220 | D:1      | Learned a level 1 spell: Foxfire
  1237 | D:1      | Offered knowledge of Static Discharge by Vehumet.
  1323 | D:1      | Reached skill level 5 in Polearms
  1589 | D:2      | Reached XP level 4. HP: 28/28 MP: 3/5
  1594 | D:2      | Offered knowledge of Frozen Ramparts by Vehumet.
  2545 | D:3      | Found an iron altar of Okawaru.
  2856 | D:3      | Reached skill level 6 in Polearms
  2856 | D:3      | Gained mutation: Your magical nature lets you fly swiftly
                  | and evasively. [Tengu growth]
  2856 | D:3      | Reached XP level 5. HP: 23/32 MP: 1/6
  3042 | D:3      | Reached **** piety under Vehumet
  3737 | D:4      | Offered knowledge of Fulminant Prism by Vehumet.
  3738 | D:4      | Reached skill level 7 in Polearms
  3780 | D:4      | Noticed an ogre
  3804 | D:4      | Killed an ogre
  3805 | D:4      | Reached XP level 6. HP: 18/37 MP: 1/7
  3993 | D:4      | Noticed a black bear
  4012 | D:4      | Killed a black bear
  4013 | D:4      | Reached skill level 8 in Polearms
  4338 | D:4      | Reached XP level 7. HP: 35/41 MP: 8/8
  4741 | D:4      | Reached skill level 9 in Polearms
  4863 | D:5      | Entered Level 5 of the Dungeon
  4980 | D:5      | Found a shadowy altar of Dithmenos.
  5394 | D:5      | Reached skill level 10 in Polearms
  5643 | D:5      | Reached XP level 8. HP: 46/46 MP: 5/9
  6495 | D:6      | Reached skill level 11 in Polearms
  7019 | D:6      | Learned a level 1 spell: Shock
  7425 | D:7      | Found a staircase to the Ecumenical Temple.
  7561 | D:7      | Found Cutinod's Assorted Antiques.
  7856 | D:7      | Reached skill level 12 in Polearms
  7868 | D:7      | Found a sparkling altar of Nemelex Xobeh.
  8077 | D:7      | Reached XP level 9. HP: 47/50 MP: 7/10
  8501 | D:7      | Bought a scroll labelled DITIEMN JACA for 26 gold pieces
  8501 | D:7      | Bought a scroll of identify for 52 gold pieces
  8536 | D:7      | Noticed a two-headed ogre
  8689 | D:7      | Reached skill level 13 in Polearms
  9689 | D:6      | Reached ***** piety under Vehumet
  9761 | D:6      | Reached skill level 14 in Polearms
  9978 | D:6      | Offered knowledge of Freezing Cloud by Vehumet.
 10079 | D:7      | Noticed a two-headed ogre
 10769 | D:6      | Annihilated by a two-headed ogre

Illustrated notes

Levels and vault maps discovered:
D:1:      scummos_arrival_hexagon, layout_loops_ring,
          hellmonk_ecumenical_altar_inner_sanctum
D:2:      layout_basic
D:3:      layout_loops_ring, okawaru_ov_weapons_minmay
D:4:      layout_basic
D:5:      layout_basic, nicolae_dithmenos_through_a_glass_darkly
D:6:      layout_basic
D:7:      lemuel_castle_with_subvaults [lemuel_castle_interior_carwin_1],
          layout_basic, nemelex_dance_club_becter, temple_statues, serial_shops,
          nicolae_shop_statue_plus

Skill      XL: |  1  2  3  4  5  6  7  8  9 |
---------------+----------------------------+-----
Polearms       | 4 5 6 7 8 10 12 14 | 14.3
Fighting       | |  3.0
Dodging        | |  3.2
Stealth        | |  2.0

Action                   |  1- 3 |  4- 6 |  7- 9 || total
-------------------------+-------+-------+-------++-------
Melee: Spear             |   106 |    82 |   353 ||   541
       Peck              |     7 |    14 |    70 ||    91
       Kick              |     4 |    21 |   107 ||   132
       Punch             |       |     1 |     7 ||     8
 Cast: Foxfire           |     8 |    80 |    89 ||   177
       Shock             |       |       |    59 ||    59
  Use: Potion            |     2 |     2 |     3 ||     7
       Scroll            |     5 |     3 |     6 ||    14
 Stab: Sleeping          |     6 |     1 |       ||     7
       Distracted        |     1 |       |       ||     1
Armor: Robe              |     6 |     8 |     8 ||    22
       Skin              |    15 |       |       ||    15
Dodge: Dodged            |    30 |    39 |   184 ||   253
